 Dungeon Crawl Stone Soup version 0.24-a0-809-g71cb82dfb8 (webtiles) character file.

Game seed: 9942533915996232693, levelgen mode: deterministic

16867 Gumption the Protected (level 12, -14/87 HPs)
             Began as a Gnoll Wanderer on Oct 11, 2019.
             Was a Priest of Hepliaklqana.
             Hit by a silver javelin thrown by a minotaur (19 damage)
             ... in a Gauntlet.
             The game lasted 01:34:27 (12123 turns).

Gumption the Protected (Gnoll Wanderer)            Turns: 12123, Time: 01:34:28

Health: -14/87     AC: 22    Str: 22    XL:     12   Next: 42%
Magic:  0/41       EV:  7    Int: 24    God:    Hepliaklqana [***...]
Gold:   500        SH: 16    Dex: 17    Spells: 25/25 levels left

rFire    . . .     SeeInvis .   a - +3 hand axe (vamp)
rCold    . . .     Gourm    .   F - +0 large shield
rNeg     . . .     Faith    .   u - +0 plate armour
rPois    .         Spirit   +   b - +3 hat of Pondering {ponderous, MR+ MP+10 Int+5}
rElec    .         Reflect  .   K - +0 cloak
rCorr    .         Harm     .   Q - +1 pair of gloves {Dex+3}
MR       +....     NoTele   +   x - +0 pair of boots
Stlth    ..........             B - amulet of guardian spirit
HPRegen  0.24/turn              E - ring of magical power
MPRegen  0.27/turn              w - +6 ring of intelligence

@: very slightly contaminated, invisible, slow
A: distributed training, reduced essence, fangs 1, strong nose
a: Recall Ancestor, Ancestor Identity, Transference, Renounce Religion


You were in a Gauntlet.
You worshipped Hepliaklqana.
Hepliaklqana was most pleased with you.
You were not hungry.

You visited 3 branches of the dungeon, and saw 13 of its levels.
You also visited: Gauntlet.

You collected 610 gold pieces.
You spent 110 gold pieces at shops.

Inventory:

Hand Weapons
 a - a +3 vampiric hand axe (weapon)
 O - a +3 hunting sling of flaming
Missiles
 g - 17 boomerangs
 i - 57 poisoned darts
 n - 360 stones
 z - 6 javelins (quivered)
Armour
 b - the +3 hat of Pondering (worn) {ponderous, MR+ MP+10 Int+5}
   (You took it off Gastronok on level 9 of the Dungeon)

   It affects your intelligence (+5).
   It affects your resistance to hostile enchantments.
   It affects your magic capacity (+10).
 u - a +0 plate armour (worn)
 x - a +0 pair of boots (worn)
 y - a +2 helmet
 F - a +0 large shield (worn)
 K - a +0 cloak (worn)
 Q - a +1 pair of gloves of dexterity (worn)
Jewellery
 s - a +4 ring of intelligence
 w - a +6 ring of intelligence (right hand)
 B - an amulet of guardian spirit (around neck)
 E - a ring of magical power (left hand)
 H - an uncursed ring of flight
 R - an uncursed amulet of the acrobat {unknown}
Wands
 d - a wand of flame (35)
 r - a wand of acid (2)
 I - a wand of iceblast (22)
 J - a wand of digging (4)
 N - a wand of paralysis (6)
 P - a wand of polymorph (5)
Scrolls
 f - 6 scrolls of remove curse
 h - 4 scrolls of teleportation
 j - 5 scrolls of immolation
 p - 2 scrolls of blinking
 G - 3 scrolls of enchant weapon
 L - 2 scrolls of fear
 M - 2 scrolls of summoning {unknown}
Potions
 c - 6 potions of curing
 k - a potion of lignification
 l - 3 potions of invisibility
 o - a potion of flight
 q - a potion of brilliance
 t - a potion of magic
 v - a potion of mutation
 C - a potion of agility
 D - a potion of berserk rage {unknown}
Miscellaneous
 m - a lightning rod (4/4)
 S - a crystal ball of energy
Comestibles
 e - 20 rations


   Skills:
 + Level 9.7 Fighting
 + Level 7.1 Short Blades
 + Level 7.1 Long Blades
 + Level 8.6 Axes
 + Level 7.1 Maces & Flails
 + Level 7.1 Polearms
 + Level 7.1 Staves
 + Level 7.1 Slings
 + Level 7.1 Bows
 + Level 7.1 Crossbows
 + Level 8.6 Throwing
 + Level 9.7 Armour
 + Level 7.1 Dodging
 + Level 7.1 Stealth
 + Level 7.1 Shields
 + Level 7.1 Unarmed Combat
 + Level 7.1 Spellcasting
 + Level 5.9 Conjurations
 + Level 5.9 Hexes
 + Level 5.9 Charms
 + Level 5.9 Summonings
 + Level 5.9 Necromancy
 + Level 5.9 Translocations
 + Level 5.9 Transmutations
 + Level 5.9 Fire Magic
 + Level 5.9 Ice Magic
 + Level 5.9 Air Magic
 + Level 5.9 Earth Magic
 + Level 5.9 Poison Magic
 + Level 7.8 Invocations
 + Level 7.1 Evocations


You had 25 spell levels left.
You didn't know any spells.
Your spell library contained the following spells:

 Spells                   Type           Power        Failure   Level  Hunger
 Beastly Appendage        Tmut           #####.       63%         1    None
 Corona                   Hex            #####..      63%         1    None
 Summon Small Mammal      Summ           ####         63%         1    None
 Call Imp                 Summ           #####...     77%         2    None
 Ensorcelled Hibernation  Hex/Ice        #####.       77%         2    None
 Sticks to Snakes         Tmut           #####...     77%         2    None
 Call Canine Familiar     Summ           #####...     94%         3    None
 Confuse                  Hex            #####...     94%         3    None
 Dazzling Spray           Conj/Hex       #####.       94%         3    None
 Spider Form              Tmut/Pois      #####.....   94%         3    None
 Summon Guardian Golem    Hex/Summ       #####...     94%         3    None
 Tukima's Dance           Hex            #####...     94%         3    None
 Ice Form                 Ice/Tmut       #####...     100%        4    ###....
 Summon Ice Beast         Ice/Summ       #####...     100%        4    ###....
 Summon Lightning Spire   Summ/Air       #####...     100%        4    ###....
 Blade Hands              Tmut           #####.....   100%        5    #####..


Dungeon Overview and Level Annotations

Branches:
Dungeon (11/15)            Temple (1/1) D:5            Lair (1/6) D:8
Gauntlet (1/1)
    Orc: D:9-12

Altars:
Ashenzari
Cheibriados
Dithmenos
Elyvilon
Fedhas
Gozag
Hepliaklqana
Kikubaaqudgha
Makhleb
Nemelex Xobeh
Okawaru
Qazlal
Ru
Sif Muna
Trog
Uskayaw
Vehumet
Wu Jian
Xom
Yredelemnul
Zin
The Shining One

Shops:
D:6 ?[[:*   D:8 =*?

Annotations:
D:8 exclusion: ice statue
D:9 2 transporters, oberejnoburuli's ghost, novice DrCj Gauntlet 8 transporters, 3 runed translucent doors


Innate Abilities, Weirdness & Mutations

Your experience applies equally to all skills.
You have very sharp teeth.
Your uncanny sense of smell can sniff out nearby items.
Your life essence is reduced to manifest your ancestor. (-10% HP)


Message History

Quiver which item? (- for none, * to show all) (? for menu, Esc to quit)
Okay, then.
You fade into invisibility!
Henutmehyt closely misses the minotaur.
You block the minotaur's attack. x2
You are very lightly contaminated with residual magic.
Henutmehyt hits the minotaur but does no damage.
Henutmehyt hits the minotaur but does no damage.
Henutmehyt drains the minotaur.
The minotaur hits Henutmehyt with a +4 great mace of holy wrath!!!
Henutmehyt is destroyed!
Throwing (i - inventory. (/) - cycle)
z - 7 javelins (quivered)
Press: ? - help, Shift-Dir - straight line, f - minotaur
Aim: a minotaur, wielding a +4 great mace of holy wrath and wearing a +0 plate armour (moderately wounded, unusually strong, lightly drained, hasn't noticed you)
You throw a javelin. The javelin barely misses the minotaur.
The minotaur bellows!
The minotaur throws a silver javelin.
The silver javelin pierces through you.
* * * LOW HITPOINT WARNING * * *
x2 The minotaur throws a silver javelin.
The silver javelin pierces through you!!
You die...

##...♣.#......##(#
.#.....#.©.##.##.# #
b#.....#...##..(.#.# ≈#
##.....#.©.##.##H#.#.≈≈#
....∩..#......##.'...∩≈#
##.....#.©.##.##.#.#.≈≈#
.#.....#...##....#.# ≈#
.#.....#.©.##.##.# #
##..P♣.#......##@#
©#.P...#.♣.##.##.#
##.♣..##...##...(#
.#...###.♣.#######
.#...≈##. .# ##...≈≈#
...♣.≈## ##...##
x#...≈##


You could see a minotaur.

Vanquished Creatures
  Gastronok (D:9)
  A hydra (D:8)
  Erica (D:8)
  An ugly thing (D:11)
  2 gargoyles (D:10)
  2 centaur skeletons
  2 kobold demonologists (D:11)
  An ice devil (Gauntlet)
  A hornet (D:11)
  Grinder (D:5)
  2 dream sheep (D:8)
  A hippogriff (D:7)
  The ghost of TheWoodenMan the Skirmisher, an amateur GrFi (D:4)
  6 flying skulls (Gauntlet)
  6 shadows (Gauntlet)
  5 yaks
  Sigmund (D:2)
  A wraith (D:10)
  Grum (D:8)
  A basilisk (D:11)
  Eustachio (D:6)
  A hungry ghost (D:10)
  The ghost of Franky the Sneak, an amateur HaAs (D:3)
  2 water moccasins
  A sky beast (D:10)
  2 ice beasts
  2 black bears
  A phantom (D:11)
  2 ogres
  4 centaurs
  2 wolves (D:8)
  6 big kobolds
  4 bullfrogs
  A wyvern skeleton (D:8)
  5 killer bees (D:11)
  4 howler monkeys (D:9)
  An electric eel (D:10)
  3 crimson imps
  3 centaur zombies
  4 hounds
  2 bullfrog zombies
  A jelly (D:10)
  5 orc wizards
  2 bullfrog skeletons
  4 orc priests
  3 iguanas
  Terence (D:2)
  6 worker ants
  A hound zombie (D:11)
  4 hound skeletons
  A worker ant zombie (D:6)
  A gnoll (D:7)
  A howler monkey skeleton (D:5)
  7 adders
  4 shadow imps
  3 white imps (Gauntlet)
  An adder zombie (D:8)
  An adder skeleton (D:8)
  2 dart slugs
  3 leopard geckos
  28 orcs
  12 giant cockroaches
  12 goblins
  10 hobgoblins
  14 jackals
  7 quokkas
  2 ball pythons
  3 bats
  4 frilled lizards
  9 kobolds
  A leopard gecko skeleton (D:5)
  10 rats
253 creatures vanquished.

Vanquished Creatures (collateral kills)
  2 unseen horrors (D:10)
  Maurice (D:8)
  Prince Ribbit (D:8)
  A hippogriff (D:10)
  A yak (D:10)
  Menkaure (D:6)
  A steam dragon (D:10)
  3 ogres
  A crocodile (D:9)
  Blork the orc (D:5)
  A bullfrog (D:11)
  A gnoll sergeant (D:7)
  An electric eel (D:10)
  2 crimson imps
  A jelly (D:9)
  2 hounds
  An iguana (D:7)
  3 worker ants
  A hound skeleton (D:11)
  A howler monkey zombie (D:7)
  3 gnolls (D:7)
  A shadow imp (D:9)
  7 orcs
  A giant cockroach (D:8)
  A kobold (D:11)
40 creatures vanquished.

Vanquished Creatures (others)
  An ancestor (D:8)
  5 hexers
  2 withered plants (D:4)
8 creatures vanquished.

Grand Total: 301 creatures vanquished

Notes
Turn   | Place    | Note
-------+----------+-------------------------------------------
     0 | D:1      | Gumption the Gnoll Wanderer began the quest for the Orb.
     0 | D:1      | Gumption set off with the following items: a +0 hand axe, a
                  | +2 scale mail, a potion of curing, a ration
     0 | D:1      | Reached XP level 1. HP: 23/23 MP: 1/1
   162 | D:1      | Reached XP level 2. HP: 29/29 MP: 2/2
   706 | D:1      | Reached XP level 3. HP: 34/35 MP: 3/3
  1051 | D:2      | Reached skill level 1 in Short Blades
  1051 | D:2      | Reached skill level 1 in Long Blades
  1051 | D:2      | Reached skill level 1 in Maces & Flails
  1051 | D:2      | Reached skill level 1 in Polearms
  1051 | D:2      | Reached skill level 1 in Staves
  1051 | D:2      | Reached skill level 1 in Slings
  1051 | D:2      | Reached skill level 1 in Bows
  1051 | D:2      | Reached skill level 1 in Crossbows
  1051 | D:2      | Reached skill level 1 in Dodging
  1051 | D:2      | Reached skill level 1 in Stealth
  1051 | D:2      | Reached skill level 1 in Shields
  1051 | D:2      | Reached skill level 1 in Unarmed Combat
  1051 | D:2      | Reached skill level 1 in Spellcasting
  1051 | D:2      | Reached skill level 1 in Invocations
  1051 | D:2      | Reached skill level 1 in Evocations
  1051 | D:2      | Reached XP level 4. HP: 32/41 MP: 3/5
  1274 | D:2      | Noticed Terence
  1282 | D:2      | Killed Terence
  1282 | D:2      | Reached skill level 1 in Conjurations
  1282 | D:2      | Reached skill level 1 in Hexes
  1282 | D:2      | Reached skill level 1 in Charms
  1282 | D:2      | Reached skill level 1 in Summonings
  1282 | D:2      | Reached skill level 1 in Necromancy
  1282 | D:2      | Reached skill level 1 in Translocations
  1282 | D:2      | Reached skill level 1 in Transmutations
  1282 | D:2      | Reached skill level 1 in Fire Magic
  1282 | D:2      | Reached skill level 1 in Ice Magic
  1282 | D:2      | Reached skill level 1 in Air Magic
  1282 | D:2      | Reached skill level 1 in Earth Magic
  1282 | D:2      | Reached skill level 1 in Poison Magic
  1282 | D:2      | Reached XP level 5. HP: 40/47 MP: 6/6
  1478 | D:2      | Noticed Sigmund
  1505 | D:2      | Killed Sigmund
  1505 | D:2      | Reached XP level 6. HP: 31/53 MP: 8/8
  2059 | D:3      | Found a runed translucent door.
  2060 | D:3      | Noticed Franky's ghost (amateur HaAs)
  2166 | D:3      | Reached skill level 5 in Axes
  2166 | D:3      | Reached skill level 5 in Throwing
  2714 | D:4      | Found a shimmering blue altar of Sif Muna.
  2812 | D:4      | Reached XP level 7. HP: 57/59 MP: 10/10
  3028 | D:4      | Found a runed translucent door.
  3033 | D:4      | Noticed TheWoodenMan's ghost (amateur GrFi)
  3417 | D:5      | Entered Level 5 of the Dungeon
  3624 | D:5      | Noticed Grinder
  3671 | D:5      | Killed Grinder
  3671 | D:5      | Reached XP level 8. HP: 28/67 MP: 10/12
  3898 | D:5      | Found a hazy altar of Hepliaklqana.
  3964 | D:5      | Became a worshipper of Hepliaklqana the Forgotten
  3979 | D:5      | Found a staircase to the Ecumenical Temple.
  4521 | D:5      | Found a shimmering blue altar of Sif Muna.
  4521 | D:5      | Found a shattered altar of Ashenzari.
  4693 | D:5      | Noticed Blork the orc
  4699 | D:5      | Killed Blork the orc
  4708 | D:5      | Found a sparkling altar of Nemelex Xobeh.
  4708 | D:5      | Found a shadowy altar of Dithmenos.
  4851 | Temple   | Entered the Ecumenical Temple
  5100 | D:6      | Noticed Menkaure
  5109 | D:6      | Killed Menkaure
  5109 | D:6      | Reached XP level 9. HP: 46/64 MP: 9/14
  5287 | D:6      | Found a bloodstained altar of Trog.
  5308 | D:6      | Found Vifymewk's Magic Scroll Emporium.
  5333 | D:6      | Noticed Eustachio
  5347 | D:6      | Killed Eustachio
  5471 | D:6      | Found Myelat's Antique Armour Emporium.
  5510 | D:6      | Found Zofored's Antique Armour Boutique.
  5528 | D:6      | Found Izuh's Book Boutique.
  5587 | D:6      | Found Saoddulu's Assorted Antiques.
  5595 | D:6      | Bought a scroll labeled OFANAK WEKET for 25 gold pieces
  5622 | D:6      | Reached * piety under Hepliaklqana
  6329 | D:8      | Found Sugurchimn's Assorted Antiques.
  6341 | D:8      | Bought a lumpy pink potion for 19 gold pieces
  6341 | D:8      | Bought a scroll labeled NUBBISM WUNIA for 22 gold pieces
  6341 | D:8      | Bought a scroll labeled TEHIKEGATH for 22 gold pieces
  6341 | D:8      | Bought a scroll labeled QUATWO SYFONN for 22 gold pieces
  6368 | D:8      | Found Iloo's Jewellery Shoppe.
  6535 | D:8      | Noticed Maurice
  6547 | D:8      | Killed Maurice
  6547 | D:8      | Reached skill level 5 in Invocations
  6588 | D:8      | Found a staircase to the Lair.
  6673 | D:8      | Noticed an ice statue
  6675 | D:8      | Noticed Prince Ribbit
  6762 | D:8      | Killed Prince Ribbit
  6762 | D:8      | Reached XP level 10. HP: 72/72 MP: 15/17
  6879 | D:8      | Found Zavievvy's Magic Scroll Shoppe.
  6944 | D:8      | Noticed Grum
  6957 | D:8      | Killed Grum
  7045 | D:8      | Reached skill level 5 in Short Blades
  7045 | D:8      | Reached skill level 5 in Long Blades
  7045 | D:8      | Reached skill level 5 in Maces & Flails
  7045 | D:8      | Reached skill level 5 in Polearms
  7045 | D:8      | Reached skill level 5 in Staves
  7045 | D:8      | Reached skill level 5 in Slings
  7045 | D:8      | Reached skill level 5 in Bows
  7045 | D:8      | Reached skill level 5 in Crossbows
  7045 | D:8      | Reached skill level 5 in Dodging
  7045 | D:8      | Reached skill level 5 in Stealth
  7045 | D:8      | Reached skill level 5 in Shields
  7045 | D:8      | Reached skill level 5 in Unarmed Combat
  7045 | D:8      | Reached skill level 5 in Spellcasting
  7045 | D:8      | Reached skill level 5 in Evocations
  7107 | D:8      | Noticed a three-headed hydra
  7111 | D:8      | Killed a three-headed hydra
  7173 | D:8      | Noticed Erica
  7188 | D:8      | Killed Erica
  7432 | D:3      | Killed Franky's ghost
  7497 | D:4      | Killed TheWoodenMan's ghost
  7839 | D:9      | Reached ** piety under Hepliaklqana
  7842 | D:9      | Noticed Gastronok
  7847 | D:9      | Reached XP level 11. HP: 69/78 MP: 15/19
  7918 | D:9      | Killed Gastronok
  7918 | D:9      | Reached skill level 5 in Conjurations
  7918 | D:9      | Reached skill level 5 in Hexes
  7918 | D:9      | Reached skill level 5 in Charms
  7918 | D:9      | Reached skill level 5 in Summonings
  7918 | D:9      | Reached skill level 5 in Necromancy
  7918 | D:9      | Reached skill level 5 in Translocations
  7918 | D:9      | Reached skill level 5 in Transmutations
  7918 | D:9      | Reached skill level 5 in Fire Magic
  7918 | D:9      | Reached skill level 5 in Ice Magic
  7918 | D:9      | Reached skill level 5 in Air Magic
  7918 | D:9      | Reached skill level 5 in Earth Magic
  7918 | D:9      | Reached skill level 5 in Poison Magic
  8177 | D:9      | Remembered your ancestor Henutmehyt as a hexer
  8234 | D:9      | Noticed oberejnoburuli's ghost (novice DrCj)
  8241 | D:9      | Noticed a cyclops
  8253 | D:9      | Noticed a moth of wrath
  8254 | D:9      | Found a bloodstained altar of Trog.
  8259 | D:9      | Found a transporter.
  8267 | D:9      | Found a transporter.
  8297 | D:9      | Found a stormy altar of Qazlal.
  8634 | D:10     | Entered Level 10 of the Dungeon
  8700 | D:10     | Killed an unseen horror
  9535 | D:10     | Killed an unseen horror
 10206 | D:11     | Reached XP level 12. HP: 84/86 MP: 22/22
 10814 | D:11     | Reached *** piety under Hepliaklqana
 11101 | Lair:1   | Entered Level 1 of the Lair of Beasts
 11101 | Lair:1   | Found a gate leading to a gauntlet.
 11110 | Gauntlet | Entered a Gauntlet
 11110 | Gauntlet | Found a transporter.
 11117 | Gauntlet | Found a transporter.
 11120 | Gauntlet | Found a transporter.
 11136 | Gauntlet | Found a transporter.
 11137 | Gauntlet | Found a transporter.
 11150 | Gauntlet | Found a transporter.
 11166 | Gauntlet | Found a runed translucent gate.
 11167 | Gauntlet | Found a transporter.
 11167 | Gauntlet | Found a runed translucent gate.
 11168 | Gauntlet | Found a runed translucent gate.
 11177 | Gauntlet | Found a transporter.
 11184 | Gauntlet | Noticed a wretched star
 11187 | Gauntlet | Found a transporter.
 11201 | Gauntlet | Found a transporter.
 11215 | Gauntlet | Found a transporter.
 11215 | Gauntlet | Found a transporter.
 11269 | Gauntlet | Found a transporter.
 11283 | Gauntlet | Found a transporter.
 11485 | Gauntlet | Noticed a two-headed ogre
 12105 | Gauntlet | Noticed a minotaur
 12123 | Gauntlet | Hit by a silver javelin thrown by a minotaur

Levels and vault maps discovered:
D:1:      minmay_arrival_widening_spiral_wide, layout_loops_cross,
          serial_rivers, chequers_serial_rivers_large_b,
          chequers_serial_rivers_room_b, chequers_serial_rivers_micro_a,
          chequers_serial_rivers_micro_d, chequers_serial_rivers_marsh
D:2:      layout_loops_ring, uniq_terence, uniq_sigmund
D:3:      layout_basic, gammafunk_ghost_grave
D:4:      layout_gridville, gammafunk_ghost_grave, first_ration, led_sif_pool
D:5:      layout_basic, gammafunk_temple_overflow_wave, old_standard_altar,
          grunt_temple_overflow_open, minmay_temple_entry_proselytizer,
          minmay_pentangle, uniq_grinder, uniq_blork_the_orc
D:6:      layout_cave_pools, serial_shops, shop, shop, shop,
          nicolae_shop_competitors_out_of_business, shop,
          trog_three_pillars_becter, uniq_menkaure, uniq_eustachio
D:7:      layout_cave_pools
D:8:      lemuel_ice_statue, layout_basic, lair_entry_dummy, serial_shops,
          nicolae_shop_trees, nicolae_shop_overgrown_old_shop,
          nicolae_shop_competitors_out_of_business, hangedman_ranch
          [blue_anna_fruit_fields], feat_on_display, uniq_erica, uniq_grum,
          uniq_prince_ribbit1, uniq_maurice
D:9:      layout_long_grid, grunt_qazlal_clouds,
          gammafunk_ghost_wrathful_warriors, uniq_gastronok
D:10:     layout_basic, minmay_misc_feat_room
D:11:     minmay_klotski, layout_long_grid
Temple:   compressed_dpeg_circular_temple
Lair:1:   layout_cave_pods, nicolae_volcano_entry_batcave,
          gauntlet_entry_generic, grunt_megastairs_2
Gauntlet: minmay_gauntlet_77_tree [minmay_gauntlet_arena_77_block_sizes,
          minmay_gauntlet_arena_77_checkered, minmay_gauntlet_arena_77_mess,
          minmay_gauntlet_arena_77_broken_ladder,
          minmay_gauntlet_arena_77_run_for_it, minmay_gauntlet_arena_77_braids,
          minmay_gauntlet_arena_77_double_cross, gauntlet_exit_watery]

Skill      XL: |  1  2  3  4  5  6  7  8  9 10 11 12 |
---------------+-------------------------------------+-----
Short Blades   | 1 2 3 4 5 6 7 |  7.1
Long Blades    | 1 2 3 4 5 6 7 |  7.1
Maces & Flails | 1 2 3 4 5 6 7 |  7.1
Polearms       | 1 2 3 4 5 6 7 |  7.1
Staves         | 1 2 3 4 5 6 7 |  7.1
Slings         | 1 2 3 4 5 6 7 |  7.1
Bows           | 1 2 3 4 5 6 7 |  7.1
Crossbows      | 1 2 3 4 5 6 7 |  7.1
Dodging        | 1 2 3 4 5 6 7 |  7.1
Stealth        | 1 2 3 4 5 6 7 |  7.1
Shields        | 1 2 3 4 5 6 7 |  7.1
Unarmed Combat | 1 2 3 4 5 6 7 |  7.1
Spellcasting   | 1 2 3 4 5 6 7 |  7.1
Invocations    | 1 2 3 4 5 6 7 |  7.8
Evocations     | 1 2 3 4 5 6 7 |  7.1
Conjurations   | 1 2 3 4 5 |  5.9
Hexes          | 1 2 3 4 5 |  5.9
Charms         | 1 2 3 4 5 |  5.9
Summonings     | 1 2 3 4 5 |  5.9
Necromancy     | 1 2 3 4 5 |  5.9
Translocations | 1 2 3 4 5 |  5.9
Transmutations | 1 2 3 4 5 |  5.9
Fire Magic     | 1 2 3 4 5 |  5.9
Ice Magic      | 1 2 3 4 5 |  5.9
Air Magic      | 1 2 3 4 5 |  5.9
Earth Magic    | 1 2 3 4 5 |  5.9
Poison Magic   | 1 2 3 4 5 |  5.9
Axes           | 5 6 7 8 |  8.6
Throwing       | 5 6 7 8 |  8.6
Fighting       | 7 8 9 |  9.7
Armour         | 7 8 9 |  9.7

Action                   |  1- 3 |  4- 6 |  7- 9 | 10-12 || total
-------------------------+-------+-------+-------+-------++-------
Melee: Hand axe          |    89 |   138 |   331 |   705 ||  1263
       Bite              |     9 |    14 |    66 |   127 ||   216
       Punch             |       |       |     5 |     8 ||    13
 Fire: Hunting sling     |       |    21 |       |       ||    21
Throw: Dart              |     3 |    51 |    97 |    52 ||   203
       Javelin           |       |       |     6 |    10 ||    16
Invok: Ancestor Identity |       |       |       |     1 ||     1
       Ancestor Life: He |       |       |       |     1 ||     1
Evoke: Wand              |       |       |       |     4 ||     4
  Use: Potion            |       |     1 |     1 |     6 ||     8
       Scroll            |       |    11 |     4 |     9 ||    24
 Stab: Distracted        |       |       |     2 |    12 ||    14
       Confused          |       |       |       |     7 ||     7
       Sleeping          |       |       |       |     1 ||     1
  Eat: Chunk             |     1 |     5 |     9 |     6 ||    21
       Ration            |       |       |     2 |     4 ||     6
Armor: Scale mail        |    39 |    67 |   142 |   104 ||   352
       Plate armour      |       |       |       |   211 ||   211
       Skin              |       |       |       |    14 ||    14
Dodge: Dodged            |    30 |    61 |   201 |   237 ||   529
Block: Large shield      |       |       |       |   326 ||   326

Table legend:
 A = Non-vault XP
 B = Vault XP
 C = Vault XP percentage of total XP
 D = Non-vault monster count
 E = Vault monster count
 F = Vault count percentage of total count
                 A         B        C        D         E       F
            +---------+---------+-------+---------+---------+-------
      Total |   12803 |   11294 |  46.9 |     245 |      48 |  16.4
            +---------+---------+-------+---------+---------+-------
        D:1 |      34 |       0 |   0.0 |      19 |       0 |   0.0
        D:2 |     130 |     250 |  65.8 |      28 |       2 |   6.7
        D:3 |      49 |     171 |  77.7 |      15 |       1 |   6.2
        D:4 |     295 |     255 |  46.4 |      16 |       1 |   5.9
        D:5 |     730 |     741 |  50.4 |      25 |      11 |  30.6
        D:6 |     223 |     357 |  61.6 |      10 |       2 |  16.7
        D:7 |     934 |       0 |   0.0 |      27 |       0 |   0.0
        D:8 |     347 |    4341 |  92.6 |      17 |      14 |  45.2
        D:9 |    1513 |    2099 |  58.1 |      28 |       1 |   3.4
       D:10 |    5282 |       0 |   0.0 |      35 |       0 |   0.0
       D:11 |    3266 |       0 |   0.0 |      25 |       0 |   0.0
   Gauntlet |       0 |    3080 | 100.0 |       0 |      16 | 100.0
            +---------+---------+-------+---------+---------+-------
